 Dungeon Crawl Stone Soup version 0.29.1-15-g9cfb28693d (webtiles) character file.

Game seed: 2519028696738343650

2 protoss039 the Vexing (level 1, -2/10 HPs)
             Began as a Vampire Enchanter on Mar 27, 2023.
             Slain by a hobgoblin (3 damage)
             ... on level 1 of the Dungeon.
             The game lasted 00:00:43 (104 turns).

protoss039 the Vexing (Vampire Enchanter)            Turns: 104, Time: 00:00:43

Health: -2/10      AC:  2    Str:  7    XL:     1   Next: 25%
Magic:  3/3        EV: 12    Int: 17    God:
Gold:   13         SH:  0    Dex: 14    Spells: 4/4 levels left

rFire   . . .      SeeInvis +   a - +1 dagger
rCold   + + .      Faith    .   (no shield)
rNeg    + + +      Spirit   .   b - +0 robe
rPois   ∞          Reflect  .   (no helmet)
rElec   .          Harm     .   (no cloak)
rCorr   .          Rampage  .   (no gloves)
Will    .....                   (no boots)
Stlth   +++++.....              (no amulet)
HPRegen 0.00/turn               (no ring)
MPRegen 0.08/turn               (no ring)

@: bloodless, inhibited regen, invisible
A: bloodless, fangs 3, see invisible, vampiric 1
a: Revivify


You were on level 1 of the Dungeon.
You visited 1 branch of the dungeon, and saw 1 of its levels.

You collected 13 gold pieces.

Inventory:

Hand Weapons
 a - a +1 dagger (weapon)
Armour
 b - a +0 robe (worn)
Potions
 c - a potion of invisibility
 d - a potion of brilliance {unknown}


   Skills:
 * Level 0.2 Fighting
 + Level 1.1 Short Blades
 + Level 2.2 Dodging
 * Level 4.4 Stealth
 - Level 2.0 Spellcasting
 - Level 4.4 Hexes


You had 4 spell levels left.
You didn't know any spells.
Your spell library contained the following spells:

 Spells                   Type           Power      Damage    Failure   Level
 Confusing Touch          Hex            16%        N/A       10%         3
 Tukima's Dance           Hex            16%        N/A       10%         3
 Ensorcelled Hibernation  Hex/Ice        18%        N/A       12%         2
 Dazzling Flash           Conj/Hex       18%        N/A       24%         3


Dungeon Overview and Level Annotations

Branches:
Dungeon (1/15) Zot: 5895

Altars:


Innate Abilities, Weirdness & Mutations

You do not regenerate when monsters are visible.
You are frail without blood (-20% HP).
You can heal yourself when you bite living creatures.
You are immune to poison.
You have razor-sharp teeth.
You have supernaturally acute eyesight. (SInv)
You are afflicted with vampirism.


Message History

The goblin misses you.
You hit the goblin.
The goblin is almost dead.
The goblin hits you with a +0 club.
You closely miss the goblin.
The goblin is almost dead.
A hobgoblin comes into view.
The goblin misses you.
You closely miss the goblin. Your bite misses the goblin.
The goblin is almost dead.
The goblin barely misses you.
There are monsters nearby!
Unknown command.
You closely miss the goblin. You bite the goblin, but do no damage.
The goblin is almost dead.
The goblin barely misses you.
You hit the goblin.
You kill the goblin!
The hobgoblin attacks as you move away! The hobgoblin barely misses you.
The hobgoblin attacks as you move away! The hobgoblin hits you.
You don't know any spells.
Unknown command.
You don't know any spells.
Unknown command.
You hit the hobgoblin but do no damage. The hobgoblin hits you.
* * * LOW HITPOINT WARNING * * *
Unknown command.
The hobgoblin closely misses you.
You begin the revivification ritual.
You continue your ritual.
The hobgoblin hits you but does no damage.
Continue your ritual? [Y]es or [N]o only, please.
Continue your ritual? [Y]es or [N]o only, please.
Continue your ritual?
You stop revivifying.
Unknown command.
You fade into invisibility!
The hobgoblin hits you.
You die...

#.# #.# #.# #.#
..# #.# ### #.#
#.# . #.# #..
#.#
#..###########.#
#...)..g@......#
##.#############


You could see a hobgoblin (unable to see you).

Vanquished Creatures
  2 goblins (D:1)
2 creatures vanquished.

Notes
Turn   | Place    | Note
-------+----------+-------------------------------------------
     0 | D:1      | protoss039 the Vampire Enchanter began the quest for the
                  | Orb.
     0 | D:1      | Reached XP level 1. HP: 13/13 MP: 3/3
   104 | D:1      | Slain by a hobgoblin

Illustrated notes

Levels and vault maps discovered:
D:1:      sevenhm_arrival_forest_fort_small_3, layout_loops_ring, nrook_campfire

Action                   || total
-------------------------++-------
Melee: Dagger            ||     9
       Bite              ||     1
 Abil: Exsanguinate      ||     1
       Revivify          ||     1
  Use: Potion            ||     1
 Stab: Sleeping          ||     1
Armor: Robe              ||     1
Dodge: Dodged            ||     7
